 Dungeon Crawl Stone Soup version 0.31-a0-175-g9f7f995f2b (webtiles) character file.

Game seed: 16809074639116406999

332 qw the Shooter (level 6, -4/57 HPs)
             Began as a Naga Hunter on June 16, 2023.
             Slain by Duvessa
             ... wielding a +0 rapier of venom
              (10 damage)
             ... on level 4 of the Dungeon.
             The game lasted 00:00:49 (2332 turns).

qw the Shooter (Naga Hunter)                        Turns: 2332, Time: 00:00:50

Health: -4/57      AC:  5    Str: 14    XL:     6   Next: 52%
Magic:  6/6        EV: 14    Int:  9    God:
Gold:   60         SH:  0    Dex: 16    Spells: 5/5 levels left

rFire   . . .        d - +0 shortbow (heavy)
rCold   . . .        (shield currently unavailable)
rNeg    . . .        c - +0 leather armour
rPois   +            (no helmet)
rElec   .            a - +0 cloak
rCorr   .            e - +0 pair of gloves
SInv    +            (no barding)
Will    .....        (no amulet)
Stlth   ++           j - +5 ring of evasion
HPRegen 0.29/turn    (no ring)
MPRegen 0.10/turn

%: no passive effects
@: lethally poisoned (-4 -> -6), short of breath, very slow
A: AC +2, large, see invisible, deformed body, poison resistance, slowness 2,
spit poison 1, naga tail 1
a: Spit Poison


You were on level 4 of the Dungeon.
You visited 1 branch of the dungeon, and saw 4 of its levels.

You collected 86 gold pieces.
You spent 26 gold pieces at shops.


Innate Abilities, Weirdness & Mutations

Your serpentine skin is tough. (AC +2)
You have supernaturally acute eyesight. (SInv)
Armour fits poorly on your strangely shaped body.
Your system is resistant to poisons. (rPois)
You cover ground very slowly.
You can spit poison.
You have a snake-like lower body.


   Skills:
 + Level 3.6 Fighting
 - Level 6.3 Ranged Weapons
 - Level 1.5 Dodging
 - Level 1.5 Stealth


You had 5 spell levels left.
You didn't know any spells.
Your spell library was empty.

Inventory:

Hand Weapons
 d - a +0 heavy shortbow (weapon)
Armour
 a - a +0 cloak (worn)
 c - a +0 leather armour (worn)
 e - a +0 pair of gloves (worn)
Jewellery
 j - a +5 ring of evasion (left hand)
Scrolls
 b - a scroll of identify
Potions
 f - a potion of heal wounds {unknown}
 g - a potion of attraction {unknown}
 h - a potion of curing

Dungeon Overview and Level Annotations

Branches:
Dungeon (4/15)
 Temple: D:4-7

Altars:
Fedhas
Kikubaaqudgha
Ru

Shops:
D:2 ?

Annotations:
D:4 Duvessa


Message History

The endoplasm quivers.
The arrow hits Dowan!!
You kill Dowan!
Duvessa weeps, and shakes her weapon.
Duvessa goes berserk!
You shoot an arrow. The arrow closely misses Duvessa.
The arrow hits the endoplasm.
The endoplasm is heavily wounded.
You have got your breath back.
Duvessa closely misses you. x2
2328 ||| INVOKING Spit Poison.
Aiming: Spit Poison (1% risk of failure)
Press: ? - help, Shift-Dir - straight line, f/p - Duvessa The splash of poison hits Duvessa.
Duvessa is lightly wounded.
Duvessa hits you with a +0 rapier of venom.
Duvessa closely misses you.
You shoot an arrow. The arrow hits Duvessa!!
Duvessa is heavily wounded.
Duvessa hits you with a +0 rapier of venom. x2
You are poisoned.
You shoot an arrow. The arrow completely misses Duvessa.
The arrow hits the endoplasm!
You kill the endoplasm!
You feel very sick. Duvessa closely misses you. Duvessa barely misses you.
Duvessa hits you with a +0 rapier of venom!
You shoot an arrow.
The arrow hits Duvessa but does no damage.
Duvessa is heavily wounded.
You have got your breath back.
You feel sick.
Duvessa hits you with a +0 rapier of venom! x2
2332 ||| INVOKING Spit Poison.
Aiming: Spit Poison (1% risk of failure)
Press: ? - help, Shift-Dir - straight line, f/p - Duvessa The splash of poison misses Duvessa.
You feel sick.
Duvessa hits you with a +0 rapier of venom!
You die...

#..##.###
#..##...#
##>...#.###
#........:
#......#..
##........
#...#####
#########...#
..$...e@....#
>..####..........
####.......
#######


You could see Duvessa (berserk).

Vanquished Creatures
  A scorpion (D:4)
  Blork the orc (D:4)
  Dowan (D:4)
  4 gnolls (D:4)
  6 adders
  A worm (D:3)
  A dart slug (D:4)
  4 orcs
  6 endoplasms
  2 giant cockroaches
  6 goblins
  4 hobgoblins (D:1)
  2 jackals (D:1)
  4 quokkas
  9 ball pythons
  3 frilled lizards
  6 kobolds
  2 rats
63 creatures vanquished.

Notes
Turn   | Place    | Note
-------+----------+-------------------------------------------
     0 | D:1      | qw the Naga Hunter began the quest for the Orb.
     0 | D:1      | Reached XP level 1. HP: 19/19 MP: 1/1
     0 | D:1      | 0 ||| qw: Version: 0.2-a-29-g511e9b1
     0 | D:1      | 0 ||| qw: Game counter: 5906
     0 | D:1      | 0 ||| qw: Always use a shield: true
     0 | D:1      | 0 ||| qw: God list: Okawaru
     0 | D:1      | 0 ||| qw: Allow faded altars: false
     0 | D:1      | 0 ||| qw: Do Orc after D:15 true
     0 | D:1      | 0 ||| qw: Do second Lair branch before Depths: true
     0 | D:1      | 0 ||| qw: Lair rune preference: random
     0 | D:1      | 0 ||| qw: Plans: Normal
     0 | D:1      | 0 ||| PLANNING D:1-11
    15 | D:1      | 15 ||| INVOKING Spit Poison.
    61 | D:1      | 61 ||| INVOKING Spit Poison.
   113 | D:1      | 113 ||| INVOKING Spit Poison.
   119 | D:1      | 119 ||| INVOKING Spit Poison.
   168 | D:1      | Reached skill level 4 in Ranged Weapons
   168 | D:1      | Reached XP level 2. HP: 26/26 MP: 2/2
   171 | D:1      | 171 ||| INVOKING Spit Poison.
   190 | D:1      | 190 ||| INVOKING Spit Poison.
   200 | D:1      | 200 ||| INVOKING Spit Poison.
   310 | D:1      | 310 ||| INVOKING Spit Poison.
   375 | D:1      | 375 ||| INVOKING Spit Poison.
   407 | D:1      | 407 ||| INVOKING Spit Poison.
   410 | D:1      | 410 ||| INVOKING Spit Poison.
   462 | D:1      | 462 ||| INVOKING Spit Poison.
   472 | D:1      | 472 ||| INVOKING Spit Poison.
   737 | D:1      | 737 ||| INVOKING Spit Poison.
   808 | D:1      | Reached XP level 3. HP: 32/32 MP: 3/3
   959 | D:1      | 959 ||| INVOKING Spit Poison.
   977 | D:1      | 977 ||| DROPPING scarf of invisibility.
   978 | D:1      | 978 ||| READING scroll labelled OPER GUNUZAGA.
   979 | D:1      | 979 ||| READING scroll labelled EPHYKLYPEFF.
   980 | D:1      | 980 ||| DROPPING scroll of butterflies.
   992 | D:2      | 992 ||| INVOKING Spit Poison.
  1003 | D:2      | 1003 ||| INVOKING Spit Poison.
  1008 | D:2      | 1008 ||| INVOKING Spit Poison.
  1011 | D:2      | 1011 ||| INVOKING Spit Poison.
  1015 | D:2      | 1015 ||| INVOKING Spit Poison.
  1021 | D:2      | 1021 ||| FLEEEEING.
  1022 | D:2      | 1022 ||| FLEEEEING.
  1024 | D:2      | 1024 ||| STAIRDANCE
  1041 | D:1      | 1041 ||| READING scroll labelled YCAOSUUCSU.
  1044 | D:2      | 1044 ||| INVOKING Spit Poison.
  1065 | D:2      | Found Ituasugu's Magic Scroll Boutique.
  1074 | D:2      | 1074 ||| SHOPLISTING scroll of enchant armour (97 gold,
                  | have 45).
  1074 | D:2      | 1074 ||| BUYING scroll of identify (26 gold).
  1074 | D:2      | Bought a scroll of identify for 26 gold pieces
  1074 | D:2      | 1074 ||| SHOPLISTING scroll of identify (26 gold, have 19).
  1074 | D:2      | 1074 ||| SHOPLISTING scroll of teleportation (39 gold, have
                  | 19).
  1124 | D:2      | 1124 ||| INVOKING Spit Poison.
  1134 | D:2      | 1134 ||| INVOKING Spit Poison.
  1136 | D:2      | Reached skill level 5 in Ranged Weapons
  1136 | D:2      | Reached XP level 4. HP: 39/39 MP: 4/4
  1215 | D:2      | Found a faded altar of an unknown god.
  1229 | D:2      | 1229 ||| INVOKING Spit Poison.
  1329 | D:2      | 1329 ||| UPGRADING to +0 pair of gloves.
  1334 | D:2      | 1334 ||| READING scroll labelled KOYHAMUO ZILL.
  1335 | D:2      | 1335 ||| READING scroll labelled TYL GOQIAFO.
  1354 | D:3      | Found a blossoming altar of Fedhas.
  1355 | D:3      | 1355 ||| INVOKING Spit Poison.
  1358 | D:3      | 1358 ||| INVOKING Spit Poison.
  1359 | D:3      | 1359 ||| STAIRDANCE
  1362 | D:2      | 1362 ||| INVOKING Spit Poison.
  1365 | D:2      | 1365 ||| INVOKING Spit Poison.
  1396 | D:3      | 1396 ||| INVOKING Spit Poison.
  1397 | D:3      | 1397 ||| STAIRDANCE
  1399 | D:2      | 1399 ||| INVOKING Spit Poison.
  1450 | D:3      | 1450 ||| INVOKING Spit Poison.
  1467 | D:3      | 1467 ||| INVOKING Spit Poison.
  1495 | D:3      | 1495 ||| INVOKING Spit Poison.
  1499 | D:3      | 1499 ||| INVOKING Spit Poison.
  1538 | D:3      | Found a sacrificial altar of Ru.
  1569 | D:3      | 1569 ||| INVOKING Spit Poison.
  1573 | D:3      | 1573 ||| INVOKING Spit Poison.
  1576 | D:3      | 1576 ||| INVOKING Spit Poison.
  1810 | D:3      | 1810 ||| INVOKING Spit Poison.
  1878 | D:3      | 1878 ||| INVOKING Spit Poison.
  1882 | D:3      | 1882 ||| INVOKING Spit Poison.
  1883 | D:3      | 1883 ||| INVOKING Spit Poison.
  1885 | D:3      | Reached skill level 3 in Fighting
  1923 | D:3      | Found an ancient bone altar of Kikubaaqudgha.
  1935 | D:3      | 1935 ||| INVOKING Spit Poison.
  1940 | D:3      | 1940 ||| INVOKING Spit Poison.
  2050 | D:3      | 2050 ||| UPGRADING to +0 cloak.
  2055 | D:3      | 2055 ||| UPGRADING to +5 ring of evasion.
  2056 | D:3      | 2056 ||| READING scroll labelled QEON ICANYN.
  2057 | D:3      | 2057 ||| DRINKING 2 glowing brown potions.
  2096 | D:4      | 2096 ||| INVOKING Spit Poison.
  2098 | D:4      | Reached XP level 5. HP: 49/49 MP: 5/5
  2099 | D:4      | Noticed Blork the orc
  2101 | D:4      | 2101 ||| INVOKING Spit Poison.
  2104 | D:4      | 2104 ||| INVOKING Spit Poison.
  2107 | D:4      | 2107 ||| INVOKING Spit Poison.
  2108 | D:4      | HP: 12/49 [Blork the orc/+0 war axe (2)]
  2108 | D:4      | HP: 2/49 [Blork the orc/puff of flame (9)]
  2109 | D:4      | Killed Blork the orc
  2111 | D:4      | Reached skill level 6 in Ranged Weapons
  2111 | D:4      | Reached XP level 6. HP: 4/56 MP: 6/6
  2111 | D:4      | 2111 ||| INVOKING Spit Poison.
  2113 | D:4      | HP: 4/56 [goblin/+0 club (1)]
  2116 | D:4      | 2116 ||| INVOKING Spit Poison.
  2322 | D:4      | Noticed Duvessa
  2322 | D:4      | Noticed Dowan
  2324 | D:4      | 2324 ||| INVOKING Spit Poison.
  2326 | D:4      | Killed Dowan
  2328 | D:4      | 2328 ||| INVOKING Spit Poison.
  2331 | D:4      | HP: 7/57 [Duvessa/+0 rapier of venom (10)]
  2332 | D:4      | 2332 ||| INVOKING Spit Poison.
  2332 | D:4      | Slain by Duvessa

Levels and vault maps discovered:
D:1:      elethiomel_arrival_infinity_welcomes_careful_drivers, layout_basic
D:2:      layout_rooms, shapermc_ecumenical_altar_rom_forum, serial_shops, shop
D:3:      layout_rooms, fedhas_altar_2, kiku_gazebo_pond_becter,
          mainiacjoe_overflow_paths
D:4:      layout_layer_cave, minmay_quantized, uniq_natasha, uniq_grinder,
          uniq_blork_the_orc, uniq_duvessa

Skill      XL: |  1  2  3  4  5 |
---------------+----------------+-----
Ranged Weapons | 4 5 6 |  6.3
Fighting       | 3 |  3.6
Dodging        | |  1.5
Stealth        | |  1.5

Action                     |  1- 3 |  4- 6 || total
---------------------------+-------+-------++-------
   Fire: Shortbow          |    57 |    64 ||   121
Ability: Spit Poison       |    23 |    28 ||    51
    Use: Scroll            |     3 |     3 ||     6
         Potion            |       |     1 ||     1
 Armour: Leather armour    |     6 |    16 ||    22
  Dodge: Dodged            |    16 |    58 ||    74

Table legend:
 A = Non-vault XP
 B = Vault XP
 C = Vault XP percentage of total XP
 D = Non-vault monster count
 E = Vault monster count
 F = Vault count percentage of total count
                 A         B        C        D         E       F
            +---------+---------+-------+---------+---------+-------
      Total |     213 |     262 |  55.2 |      56 |       7 |  11.1
            +---------+---------+-------+---------+---------+-------
        D:1 |      36 |       0 |   0.0 |      21 |       0 |   0.0
        D:2 |      68 |       0 |   0.0 |      17 |       0 |   0.0
        D:3 |      49 |       0 |   0.0 |      13 |       0 |   0.0
        D:4 |      60 |     262 |  81.4 |       5 |       7 |  58.3
            +---------+---------+-------+---------+---------+-------
